 Dungeon Crawl Stone Soup version 0.27.1-33-g824d729ab1 (webtiles) character file.

Game seed: 15154666445220725124

23 comborobin the Cudgeller (level 2, 0/23 HPs)
             Began as a Palentonga Gladiator on Dec 27, 2021.
             Slain by an adder (1 damage)
             ... on level 2 of the Dungeon.
             The game lasted 00:00:38 (714 turns).

comborobin the Cudgeller (Palentonga Gladiator)      Turns: 714, Time: 00:00:38

Health: 0/23       AC:  5    Str: 16 (17) XL:     2   Next: 72%
Magic:  2/2        EV:  9    Int:  5 (8)  God:
Gold:   31         SH:  0    Dex:  8 (11) Spells: 1/1 levels left

rFire    + . .     SeeInvis +   a - +0 flail
rCold    + . .     Faith    .   (no shield)
rNeg     . . .     Spirit   .   b - +0 leather armour
rPois    +         Reflect  .   c - +0 helmet
rElec    +         Harm     .   (no cloak)
rCorr    +         Rampage  .   (no gloves)
Will     .....                  (no barding)
Stlth    +.........             (no amulet)
HPRegen  0.07/turn              (no ring)
MPRegen  0.08/turn              (no ring)

@: resistant
A: large, rugged brown scales 3, see invisible, deformed body, roll 1, armoured
tail
a: Rolling Charge


You were on level 2 of the Dungeon.
You visited 1 branch of the dungeon, and saw 2 of its levels.

You collected 31 gold pieces.

Inventory:

Hand Weapons
 a - a +0 flail (weapon)
Missiles
 d - 3 throwing nets (quivered)
Armour
 b - a +0 leather armour (worn)
 c - a +0 helmet (worn)
Wands
 g - a wand of iceblast (6)
Scrolls
 f - a scroll of noise {unknown}
Potions
 e - a potion of degeneration


   Skills:
 - Level 2.0 Fighting
 + Level 4.0 Maces & Flails
 - Level 1.3 Throwing
 - Level 2.4 Dodging


You had one spell level left.
You didn't know any spells.
Your spell library was empty.

Dungeon Overview and Level Annotations

Branches:
Dungeon (2/15)

Altars:
Vehumet


Innate Abilities, Weirdness & Mutations

You are completely covered in rugged brown scales. (AC +3, +7% HP)
You have supernaturally acute eyesight. (SInv)
Armour fits poorly on your strangely shaped body.
You can roll at nearby foes to attack.
You have a long armoured tail.


Message History

You miss the adder.
The adder is heavily wounded.
The adder bites you.
You are poisoned.
The adder poisons you! The hobgoblin hits you.
There are monsters nearby!
You closely miss the adder.
The adder is heavily wounded.
You feel sick. The adder bites you. The hobgoblin hits you.
The adder bites you but does no damage.
Unknown command.
You are too injured to fight recklessly!
You are too injured to fight recklessly!
You are too injured to fight recklessly!
You are too injured to fight recklessly!
You are too injured to fight recklessly!
You barely miss the adder. You tail-slap the adder.
The adder is almost dead.
You feel sick. The adder bites you.
* * * LOW HITPOINT WARNING * * *
The hobgoblin hits you.
* * * LOW HITPOINT WARNING * * *
The adder barely misses you.
The hobgoblin hits you but does no damage.
It was a potion of degeneration.
There was something very wrong with that liquid.
You feel weakened.
You feel dopey.
You feel clumsy.
* * * LOW HITPOINT WARNING * * *
You feel sick.
You are no longer poisoned.
The adder barely misses you.
The hobgoblin hits you but does no damage.
It was a potion of resistance.
You feel protected. The adder barely misses you.
The hobgoblin hits you but does no damage.
You barely miss the adder.
The adder is almost dead.
The adder barely misses you. The adder bites you.
You die...

..## ## ......#.# ...#.#.#
....#.# #.#.....#
#......<# #..#Sg#.#
.(#..#@.?.#
#..#..#....######
#..#..###........
#..#..#..........
##########..#..#.#...#####
.<..........##.)..........
#######.....##.##.##.#####
#.._.....##.# .#
#......####.# .#


You could see an adder and a hobgoblin.

Vanquished Creatures
  2 endoplasms
  4 giant cockroaches (D:1)
  2 goblins
  A hobgoblin (D:1)
  A kobold (D:1)
  A quokka (D:1)
  2 ball pythons (D:1)
  2 bats (D:1)
  A frilled lizard (D:1)
  5 rats (D:1)
21 creatures vanquished.

Notes
Turn   | Place    | Note
-------+----------+-------------------------------------------
     0 | D:1      | comborobin the Palentonga Gladiator began the quest for the
                  | Orb.
     0 | D:1      | Reached XP level 1. HP: 17/17 MP: 1/1
   132 | D:1      | Reached XP level 2. HP: 23/23 MP: 2/2
   320 | D:1      | Found a faded altar of an unknown god.
   404 | D:1      | Reached skill level 4 in Maces & Flails
   651 | D:2      | Found a radiant altar of Vehumet.
   712 | D:2      | HP: 1/23 [poisoned by an adder]
   714 | D:2      | Slain by an adder

Illustrated notes

Levels and vault maps discovered:
D:1:      dpeg_arrival_prison, layout_basic, hellmonk_ecumenical_altar_lost_god
D:2:      layout_basic, basic_altar

Skill      XL: |  1  2 |
---------------+-------+-----
Maces & Flails | 4 |  4.0
Fighting       | |  2.0
Throwing       | |  1.3
Dodging        | |  2.4

Action                   || total
-------------------------++-------
Melee: Flail             ||    62
       Tailslap          ||     7
  Use: Potion            ||     2
Armor: Leather armour    ||    48
Dodge: Dodged            ||    36
